 Dungeon Crawl Stone Soup version 0.21-a0-538-gd16b88a (webtiles) character file.

126 Gildeon the Ogre Mage (level 5, -7/45 HPs)
             Began as an Ogre Fire Elementalist on Dec 16, 2017.
             Mangled by a hobgoblin
             ... wielding a +0 club
             ... led by Robin
              (11 damage)
             ... on level 3 of the Dungeon.
             The game lasted 00:18:32 (3132 turns).

Gildeon the Ogre Mage (Ogre Fire Elementalist)      Turns: 3132, Time: 00:18:32

Health: -7/45      AC:  3    Str: 12    XL:     5   Next: 9%
Magic:  0/12       EV: 10    Int: 16    God:
Gold:   119        SH:  0    Dex: 10    Spells: 1/14 levels left

rFire    . . .     SeeInvis .   n - +1 spear
rCold    . . .     Gourm    .   (no shield)
rNeg     . . .     Faith    .   a - +0 robe
rPois    .         Spirit   .   (helmet restricted)
rElec    .         Reflect  .   (no cloak)
rCorr    .         Harm     .   (gloves unavailable)
MR       .....                  (boots unavailable)
Stlth    +.........             (no amulet)
HPRegen  0.15/turn              (no ring)
MPRegen  0.13/turn              (no ring)

@: very slightly contaminated, drained
A: large, unfitting armour, tough skin 1
a: no special abilities


You were on level 3 of the Dungeon.
You were not hungry.

You visited 1 branch of the dungeon, and saw 4 of its levels.

You collected 119 gold pieces.

Inventory:

Hand Weapons
 n - a +1 spear (weapon)
 p - a cursed -3 dagger
Armour
 a - a +0 robe (worn)
Potions
 c - 2 potions of flight
 e - a potion of magic
 f - a potion of mutation {unknown}
 g - a potion of resistance
 h - a potion of curing {unknown}
 i - a potion of brilliance {unknown}
 k - a potion of lignification {unknown}
 o - 2 potions of heal wounds {unknown}
Books
 b - a book of Flames

   Spells                             Type                      Level
   a - Flame Tongue                   Conjuration/Fire             1
   b - Throw Flame                    Conjuration/Fire             2
   c - Conjure Flame                  Conjuration/Fire             3
   d - Inner Flame                    Hexes/Fire                   3
   e - Sticky Flame                   Conjuration/Fire             4
   f - Fireball                       Conjuration/Fire             5
Comestibles
 l - 2 fruits
 m - 2 royal jellies
 q - a meat ration


   Skills:
 - Level 1.7(1.4) Dodging
 - Level 1.4(1.1) Stealth
 + Level 5.0(4.7) Spellcasting
 - Level 0.8(0.5) Conjurations
 - Level 3.4(3.1) Fire Magic


You had one spell level left.
You knew the following spells:

 Your Spells              Type           Power        Failure   Level  Hunger
a - Flame Tongue          Conj/Fire      #....        7%          1    None
b - Throw Flame           Conj/Fire      #.....       11%         2    ##.....
c - Conjure Flame         Conj/Fire      #.......     22%         3    ###....
d - Inner Flame           Hex/Fire       #.......     24%         3    ###....
e - Sticky Flame          Conj/Fire      #.......     56%         4    ####...


Dungeon Overview and Level Annotations

Branches:
Dungeon (4/15)
 Temple: D:4-7

Altars:
Cheibriados
Okawaru
Ru
Trog

Annotations:
D:3 Robin


Innate Abilities, Weirdness & Mutations

You are too large for most types of armour.
You have tough skin. (AC +1)


Message History

Robin barely misses you. The hobgoblin hits you with a club. x2
* * * LOW HITPOINT WARNING * * *
Casting: Flame Tongue
Confirm with . or Enter, or press ? or * to list all spells.
Aiming: Flame Tongue
Press: ? - help, Shift-Dir - straight line, f - hobgoblin
Aim: a hobgoblin, wielding a club The flame tongue hits the hobgoblin.
The hobgoblin is almost dead.
Robin roars a battlecry!
The hobgoblin goes into a battle-frenzy!
The hobgoblin barely misses you.
You hit Robin but do no damage.
Robin is heavily wounded.
Robin closely misses you.
The hobgoblin hits you but does no damage.
The hobgoblin hits you with a club!
* * * LOW HITPOINT WARNING * * *
The hobgoblin hits you with a club!
You die...

######.#.##########.#
#.#.#≈≈≈≈#.....#
#.#.#≈.#≈####### #.#.'.#.≈#
#.###≈≈≈≈#
############.########
#.......##......#
#.#####.##.#.##.# #.#
##...#.#.##@# #.#
#.........gg# #.#
#......#.#.g#
#.###...........#
#........#......#
######.####......############
# #.# ###.#.............# #
###.#### #.#####.###.###.# #
#......# #.# #.# #.# #.#


You could see Robin and 2 hobgoblins.

Vanquished Creatures
  5 adders
  2 oozes
  A worm (D:3)
  2 dart slugs
  A leopard gecko (D:1)
  4 orcs (D:3)
  A giant cockroach (D:1)
  9 goblins
  8 hobgoblins
  6 jackals
  2 quokkas (D:2)
  2 ball pythons
  6 bats
  2 frilled lizards
  6 kobolds
  4 rats
61 creatures vanquished.

Notes
Turn   | Place    | Note
-------+----------+-------------------------------------------
     0 | D:1      | Gildeon the Ogre Fire Elementalist began the quest for the Orb.
     0 | D:1      | Reached XP level 1. HP: 16/16 MP: 3/3
   201 | D:1      | Reached skill level 3 in Spellcasting
   208 | D:1      | Reached XP level 2. HP: 9/24 MP: 0/6
   712 | D:1      | Learned a level 2 spell: Throw Flame
   910 | D:1      | Reached XP level 3. HP: 26/31 MP: 4/8
  1049 | D:1      | Learned a level 3 spell: Conjure Flame
  1053 | D:1      | Learned a level 3 spell: Inner Flame
  1147 | D:2      | Reached skill level 4 in Spellcasting
  1487 | D:2      | Reached XP level 4. HP: 39/39 MP: 5/10
  1506 | D:2      | Reached skill level 5 in Spellcasting
  1680 | D:2      | Found an iron altar of Okawaru.
  1780 | D:2      | Found a sacrificial altar of Ru.
  1780 | D:2      | Found a snail-covered altar of Cheibriados.
  1947 | D:3      | Learned a level 4 spell: Sticky Flame
  2447 | D:3      | Reached XP level 5. HP: 45/45 MP: 3/12
  2517 | D:3      | Found a bloodstained altar of Trog.
  3099 | D:4      | Noticed Robin
  3132 | D:3      | Mangled by a hobgoblin

Vault maps used:
D:1:      lightli_arrival_flooded_house
D:2:      kb_forest_paths, okawaru_ov_weapons_minmay,
          chequers_temple_overflow_statue_of_worship, first_bread
D:3:      lemuel_doored_altar, kennysheep_generic_room_14
D:4:      grunt_ministairs_14, fedhas_altar_4, uniq_robin

Skill      XL: |  1  2  3  4 |
---------------+-------------+-----
Spellcasting   | 3 4 5 |  5.0
Fire Magic     | 3 |  3.4
Dodging        | |  1.7
Stealth        | |  1.4
Conjurations   | |  0.8

Action                   |  1- 3 |  4- 6 || total
-------------------------+-------+-------++-------
Melee: Hand axe          |    53 |       ||    53
       Unarmed           |     2 |       ||     2
       Spear             |       |    18 ||    18
 Cast: Flame Tongue      |    39 |    58 ||    97
       Throw Flame       |     5 |    13 ||    18
  Use: Scroll            |     2 |     8 ||    10
  Eat: Bread ration      |     1 |     1 ||     2
       Chunk             |       |     2 ||     2
Armor: Robe              |    27 |    11 ||    38
Dodge: Dodged            |    41 |    24 ||    65

Table legend:
 A = Spawn XP
 B = Non-spawn XP
 C = Spawn XP percentage of total XP
 D = Spawn monster count
 E = Non-spawn monster count
 F = Spawn count percentage of total count
 G = Total turns spent on level
                    A         B        C        D         E        F      G
               +---------+---------+-------+---------+---------+-------+---------
         Total |       0 |     180 |   0.0 |       0 |      61 |   0.0 |  3132
               +---------+---------+-------+---------+---------+-------+---------
           D:1 |       0 |      35 |   0.0 |       0 |      18 |   0.0 |  1144
           D:2 |       0 |      80 |   0.0 |       0 |      19 |   0.0 |   786
           D:3 |       0 |      56 |   0.0 |       0 |      18 |   0.0 |  1132
           D:4 |       0 |       9 |   0.0 |       0 |       6 |   0.0 |    70
               +---------+---------+-------+---------+---------+-------+---------
